 Dungeon Crawl Stone Soup version 0.17-a0-1572-g7a1422d (webtiles) character file.

315 abixa the Cudgeler (level 6, -2/66 HPs)
             Began as an Ogre Warper on July 24, 2015.
             Slain by an ice beast (5 damage)
             ... on level 5 of the Dungeon.
             The game lasted 00:14:12 (4248 turns).

abixa the Cudgeler (Ogre Warper)                    Turns: 4248, Time: 00:14:13

Health: -2/66      AC:  6    Str: 17    XL:     6   Next: 43%
Magic:  9/9        EV: 10    Int: 14    God:
Gold:   182        SH:  0    Dex:  9    Spells: 1 memorised, 8 levels left

rFire  . . .     SeeInvis .     a - +0 mace
rCold  . . .     Clarity  +     b - +0 robe
rNeg   . . .     SustAt   .     (no shield)
rPois  .         Gourm    .     (helmet restricted)
rElec  .         Spirit   .     F - +2 cloak
rCorr  .         Warding  .     (gloves unavailable)
rMut   .         Stasis   .     (boots unavailable)
MR     .....                    E - amulet of clarity
Stlth  +.........               (no ring)
                                (no ring)

@: not resistant to hostile enchantments, very unstealthy
A: unfitting armour, tough skin 1
a: no special abilities


You were on level 5 of the Dungeon.
You were not hungry.

You visited 1 branch of the dungeon, and saw 5 of its levels.

You collected 182 gold pieces.

Inventory:

Hand weapons
 a - a +0 mace (weapon)
 h - a +0 spear
 n - a +0 hunting sling
Missiles
 e - 5 tomahawks of dispersal
 i - 100 stones (quivered)
 A - 15 arrows of frost
 B - 3 tomahawks
 D - 46 arrows
Armour
 b - a +0 robe (worn)
 F - a +2 cloak (worn)
Jewellery
 E - an amulet of clarity (around neck)
 G - a +1 ring of protection {unknown}
Magical devices
 t - a wand of frost (12)
Scrolls
 d - 2 scrolls of blinking
 g - 4 scrolls of identify {unknown}
 o - a scroll of random uselessness {unknown}
 p - 2 scrolls of remove curse {unknown}
 u - a scroll of noise {unknown}
 y - a scroll of immolation {unknown}
 C - a scroll of teleportation {unknown}
Potions
 j - a potion of brilliance {unknown}
 k - a potion of heal wounds {unknown}
 l - 3 potions of curing {unknown}
 m - a potion of agility {unknown}
 q - a potion of magic {unknown}
 s - a potion of mutation {unknown}
 v - a potion of haste {unknown}
 z - a potion of lignification {unknown}
Books
 c - a book of Spatial Translocations

   Spells                             Type                      Level
   a - Apportation                    Translocation                1
   b - Blink                          Translocation                2
   c - Shroud of Golubria             Charms/Translocation         2
   d - Portal Projectile              Translocation                3
   e - Teleport Other                 Translocation                3
   f - Passage of Golubria            Translocation                4
Comestibles
 f - 4 bread rations
 r - 3 fruits
 w - a royal jelly
 x - a meat ration
 H - 2 chunks of flesh


   Skills:
 + Level 5.2 Fighting
 * Level 7.4 Maces & Flails
 - Level 1.1 Throwing
 - Level 2.1 Dodging
 - Level 2.4 Spellcasting
 - Level 2.1 Translocations


You had 8 spell levels left.
You knew the following spells:

 Your Spells              Type           Power        Failure   Level  Hunger
a - Apportation           Tloc           #.........   12%         1    #......


Dungeon Overview and Level Annotations

Branches:
Dungeon (6/15)
 Temple: D:4-7

Altars:
Nemelex Xobeh


Innate Abilities, Weirdness & Mutations

You are too large for most types of armour.
You have tough skin (AC +1).


Message History

The ice beast is severely wounded.
The ice beast hits you but does no damage.
You closely miss the ice beast.
The ice beast is severely wounded.
The ice beast hits you but does no damage.
You closely miss the ice beast.
The ice beast is severely wounded.
The ice beast misses you.
You hit the ice beast.
The ice beast is almost dead.
The ice beast hits you.
* * * LOW HITPOINT WARNING * * *
The ice beast freezes you!
* * * LOW HITPOINT WARNING * * *
You hit the ice beast.
The ice beast is almost dead.
The ice beast hits you.
* * * LOW HITPOINT WARNING * * *
The ice beast freezes you.
You die...

..#......# ...#.#..#
#....#..# #.[..Y..#
#)#####.# #.#
#.......# ##>##
#.#####(###...##
#..Y.......#
#.#@###....# #$#.#
####.# #.#.# #.# #
#.#.# #.#
.##.######.#.######.#
....................#
##.##..##...########
#..###..# .........#
#..# ..


You could see an ice beast.

Vanquished Creatures
  A giant frog (D:6)
  2 orc wizards (D:6)
  A worker ant (D:5)
  A centaur skeleton (D:5)
  2 gnolls
  4 adders
  A worm (D:1)
  A giant gecko (D:2)
  14 orcs
  3 ball pythons
  A bat zombie (D:6)
  6 hobgoblins
  2 jackals (D:1)
  4 kobolds
  2 quokkas
  4 bats
  4 giant cockroaches
  5 giant newts
  2 goblins
  A quokka zombie (D:5)
  10 rats
71 creatures vanquished.

Notes
Turn   | Place    | Note
--------------------------------------------------------------
     0 | D:1      | abixa the Ogre Warper began the quest for the Orb.
     0 | D:1      | Reached XP level 1. HP: 22/22 MP: 3/3
    91 | D:1      | Reached skill level 3 in Maces & Flails
   444 | D:1      | Reached XP level 2. HP: 26/29 MP: 5/5
   625 | D:1      | Reached skill level 4 in Maces & Flails
  1100 | D:1      | Reached XP level 3. HP: 3/37 MP: 6/6
  2116 | D:2      | Reached skill level 5 in Maces & Flails
  2116 | D:2      | Reached XP level 4. HP: 25/45 MP: 7/7
  2698 | D:3      | Found a sparkling altar of Nemelex Xobeh.
  3320 | D:3      | You fall through a shaft for 3 floors!
  3331 | D:6      | Reached XP level 5. HP: 52/54 MP: 8/8
  3361 | D:6      | Reached skill level 6 in Maces & Flails
  3394 | D:5      | Entered Level 5 of the Dungeon
  3562 | D:5      | HP: 2/55 [poisoned by a worker ant]
  3570 | D:5      | HP: 2/55 [poisoned by a worker ant]
  3578 | D:5      | HP: 1/55 [poisoned by a worker ant]
  3811 | D:6      | Reached XP level 6. HP: 21/63 MP: 9/9
  4105 | D:6      | Noticed a giant frog
  4112 | D:6      | Killed a giant frog
  4112 | D:6      | Reached skill level 5 in Fighting
  4112 | D:6      | Reached skill level 7 in Maces & Flails
  4248 | D:5      | HP: 3/66 [ice beast (1)]
  4248 | D:5      | Slain by an ice beast

Vault maps used:
D:1:      dpeg_arrival_rhombus
D:3:      first_bread, moated_statue, nemelex_deck
D:5:      corner_web_ring
D:6:      kennysheep_housing_project, makhleb_blood_cavern_becter,
          portal_sewer_entry_e

Action                   |  1- 3 |  4- 6 || total
-------------------------+-------+-------++-------
Melee: Mace              |   140 |   199 ||   339
Throw: Stone             |    10 |    19 ||    29
  Eat: Chunk             |     4 |     7 ||    11
